 Dungeon Crawl Stone Soup version 0.32-a0-685-g93135e86f0 (webtiles) character file.

Game seed: 16026430788121569855

2834 shadizar the Thaumaturge (level 10, -3/112 HPs)
             Began as a Djinni Earth Elementalist on Mar 12, 2024.
             Was an Initiate of Makhleb.
             Slain by a wolf spider zombie (5 damage)
             ... on level 7 of the Dungeon.
             The game lasted 00:06:39 (4354 turns).

shadizar the Thaumaturge (DjEE)                     Turns: 4354, Time: 00:06:39

Health: -3/112     AC: 25    Str:  7    XL:     10   Next: 3%
Gold:   346        EV:  2    Int: 21    God:    Makhleb [......] SH:  0 Dex: 20

rFire   + . .        y - +3 flail (holy)
rCold   + . .        (no shield)
rNeg    . . .        a - melded +0 robe
rPois   ∞            (helmet currently unavailable)
rElec   +            (cloak currently unavailable)
rCorr   +            q - melded +0 pair of gloves
SInv    .            (boots unavailable)
Will    ++...        (no amulet)
Stlth   ++           d - +6 ring of dexterity
HPRegen 0.38/turn    f - ring of willpower
MPRegen 0.00/turn

%: infuse magic (-4 HP)
@: tree-form, resistant
A: stationary, stasis, torment immunity, boosted hp, sickness immunity, (fire
resistance 2), (cold vulnerability 1), float, innate caster, HP casting, extra
vitality 1
a: Renounce Religion


You were on level 7 of the Dungeon.
You worshipped Makhleb.
Makhleb was noncommittal.
You were a tree.
You visited 2 branches of the dungeon, and saw 8 of its levels.

You collected 346 gold pieces.

Inventory:

Hand Weapons
 y - a +3 flail of holy wrath (weapon)
 C - a +0 hand axe
 H - a +4 rapier of electrocution
Armour
 a - a +0 robe (melded)
 q - a +0 pair of gloves (melded)
 A - a +0 leather armour
 D - a +2 ring mail of cold resistance
Jewellery
 c - a ring of positive energy
 d - a +6 ring of dexterity (left branch)
 f - a ring of willpower (right branch)
 x - a ring of willpower
 E - an amulet of the acrobat
Wands
 r - a wand of mindburst (15)
 s - a wand of quicksilver (12)
 G - a wand of polymorph (4)
Scrolls
 b - 3 scrolls of identify {unknown}
 e - 2 scrolls of brand weapon {unknown}
 k - 3 scrolls of amnesia {unknown}
 m - 2 scrolls of noise {unknown}
 p - a scroll of torment {unknown}
 v - a scroll of vulnerability {unknown}
 w - a scroll of poison {unknown}
 B - 2 scrolls of teleportation {unknown}
 F - a scroll of fear {unknown}
Potions
 g - a potion of lignification
 h - a potion of invisibility {unknown}
 i - a potion of haste {unknown}
 l - a potion of mutation {unknown}
 n - a potion of attraction {unknown}
 o - a potion of ambrosia {unknown}
 t - a potion of heal wounds {unknown}
 u - a potion of magic {unknown}
 z - a potion of resistance


   Skills:
 + Level 7.4 Fighting
 - Level 2.1 Dodging
 - Level 1.5 Stealth
 - Level 9.0 Spellcasting
 - Level 9.0 Conjurations
 - Level 9.0 Hexes
 - Level 9.0 Summonings
 - Level 9.0 Necromancy
 - Level 9.0 Translocations
 - Level 9.0 Fire Magic
 - Level 9.0 Ice Magic
 - Level 9.0 Air Magic
 - Level 9.0 Earth Magic
 - Level 9.0 Alchemy


You knew the following spells:

 Your Spells              Type           Power      Damage    Failure   Level
a - Sandblast             Erth           94%        2d19      1%          1
b - Passwall              Erth           47%        N/A       1%          3
c - Stone Arrow           Conj/Erth      94%        3d12      1%          3
d - Petrify               Alch/Erth      47%        N/A       1%          4
e - Brom's Barrelling Bo  Conj/Erth      47%        2d6       1%          4
f - Slow                  Hex            100%       N/A       1%          1
g - Static Discharge      Conj/Air       94%        3-7/arc   1%          2
h - Tukima's Dance        Hex            47%        N/A       1%          3
i - Mephitic Cloud        Conj/Alch/Air  47%        N/A       1%          3
Your spell library was empty.

Dungeon Overview and Level Annotations

Branches:
Dungeon (7/15)             Temple (1/1) D:6

Altars:
Ashenzari
Cheibriados
Dithmenos
Elyvilon
Fedhas
Gozag
Hepliaklqana
Makhleb
Nemelex Xobeh
Okawaru
Qazlal
Ru
Trog
Uskayaw
Wu Jian
Xom
Yredelemnul
Zin
The Shining One

Shops:
D:4 (

Annotations:
D:6 1 runed translucent door, Crazy Yiuf


Innate Abilities, Weirdness & Mutations

You are a tree.
Your roots penetrate the ground, keeping you stationary.
You cannot be teleported.
You are immune to unholy pain and torment.
Your maximum health is greatly increased.
Your equipment is partially melded.
You are immune to sickness and miasma.
You are immune to poison.
((Your flesh is very heat resistant. (rF++)))
((You are vulnerable to cold. (rC-)))
You float through the air rather than walking.
You learn spells naturally, not from books.
Your magical power is your life essence.
You have superior vitality. (+4 MHP)


Message History

Unknown command.
Unknown command.
Unknown command.
Unknown command.
Unknown command.
Unknown command.
Unknown command.
Unknown command.
Unknown command.
Unknown command.
Okay, then.
Casting: Static Discharge (safe; 1% risk of failure)
Confirm with . or Enter, or press ? or * to list all spells.
The centaur warrior zombie is struck by an arc of lightning.
The centaur warrior zombie is severely damaged.
You are struck by an arc of lightning.
The wolf spider zombie is struck by an arc of lightning.
The wolf spider zombie is moderately damaged.
The lightning grounds out.
* * * LOW HITPOINT WARNING * * *
The centaur warrior zombie hits you.
* * * LOW HITPOINT WARNING * * *
The centaur warrior zombie kicks you but does no damage.
The wolf spider zombie hits you but does no damage.
The wolf spider zombie bites you but does no damage.
Unknown command.
Unknown command.
Unknown command.
Unknown command.
Unknown command.
Unknown command.
Unknown command.
Unknown command.
Unknown command.
It was a potion of resistance.
You feel protected.
The centaur warrior zombie barely misses you.
The centaur warrior zombie kicks you but does no damage.
The wolf spider zombie hits you.
You die...

######.......#
##...##.........
##...........####
#.........#..#...
##............#.$.
##..........##.#.._
##....#.....##
.#... #.....###...#
.#... ###♣.## ##..#
# #ZZ## ..†..
#/...........
.....#........
#.##.P. ....... #.
.ß... ..ß # .P.ß..
.. ...P... P
.........


You could see a wolf spider zombie and a centaur warrior zombie.

Vanquished Creatures
  A wolf spider zombie (D:7)
  A hellwing (D:7)
  Prince Ribbit (D:6)
  Eustachio (D:6)
  Edmund (D:5)
  2 water moccasins
  2 ice beasts (D:6)
  A sky beast (D:6)
  2 black bears
  An ogre (D:5)
  A phantom (D:5)
  A scorpion (D:6)
  4 bullfrogs
  A jelly (D:5)
  A bombardier beetle (D:6)
  3 hounds
  An orc priest (D:4)
  4 iguanas
  4 orc wizards
  3 gnolls (D:3)
  6 adders
  5 shadow imps
  2 ufetubi (D:5)
  4 dart slugs
  4 ribbon worms
  14 orcs
  7 ball pythons
  3 endoplasms
  A giant cockroach (D:2)
  4 goblins
  7 hobgoblins
  5 quokkas
  12 bats
  A frilled lizard (D:2)
  6 kobolds
  6 rats (D:3)
123 creatures vanquished.

Notes
Turn   | Place    | Note
-------+----------+-------------------------------------------
     0 | D:1      | shadizar the Djinni Earth Elementalist began the quest for
                  | the Orb.
     0 | D:1      | shadizar set off with the following spells memorised:
                  | Sandblast, Passwall, Stone Arrow, Petrify, Brom's
                  | Barrelling Boulder.
     0 | D:1      | Reached XP level 1. HP: 15/15 MP: 0/0
   361 | D:1      | Reached XP level 2. HP: 20/21 MP: 0/0
   662 | D:2      | Reached XP level 3. HP: 16/25 MP: 0/0
   662 | D:2      | Learned a level 1 spell: Slow
   828 | D:2      | Found a shadowy altar of Dithmenos.
   878 | D:2      | Reached XP level 4. HP: 30/31 MP: 0/0
  1525 | D:3      | Found a basalt altar of Yredelemnul.
  1534 | D:3      | Reached XP level 5. HP: 26/35 MP: 0/0
  1534 | D:3      | Learned a level 2 spell: Static Discharge
  1660 | D:3      | Found a stormy altar of Qazlal.
  1664 | D:3      | Reached skill level 5 in Spellcasting
  1664 | D:3      | Reached skill level 5 in Conjurations
  1664 | D:3      | Reached skill level 5 in Hexes
  1664 | D:3      | Reached skill level 5 in Summonings
  1664 | D:3      | Reached skill level 5 in Necromancy
  1664 | D:3      | Reached skill level 5 in Translocations
  1664 | D:3      | Reached skill level 5 in Fire Magic
  1664 | D:3      | Reached skill level 5 in Ice Magic
  1664 | D:3      | Reached skill level 5 in Air Magic
  1664 | D:3      | Reached skill level 5 in Earth Magic
  1664 | D:3      | Reached skill level 5 in Alchemy
  1855 | D:4      | Found Etuoceerr's Antique Weapon Shop.
  2116 | D:4      | Noticed a bullfrog
  2118 | D:4      | Killed a bullfrog
  2119 | D:4      | Reached XP level 6. HP: 38/40 MP: 0/0
  2527 | D:4      | Noticed a black bear
  2529 | D:4      | Killed a black bear
  2530 | D:4      | Reached XP level 7. HP: 39/45 MP: 0/0
  2530 | D:4      | Learned a level 3 spell: Tukima's Dance
  2933 | D:5      | Entered Level 5 of the Dungeon
  3126 | D:5      | Noticed Edmund
  3129 | D:5      | Killed Edmund
  3130 | D:5      | Reached XP level 8. HP: 41/50 MP: 0/0
  3329 | D:5      | You are sucked into a shaft and drop 1 floor!
  3469 | D:6      | Noticed Prince Ribbit
  3474 | D:6      | Killed Prince Ribbit
  3575 | D:6      | Reached XP level 9. HP: 53/55 MP: 0/0
  3575 | D:6      | Learned a level 3 spell: Mephitic Cloud
  3697 | D:6      | Found a staircase to the Ecumenical Temple.
  3710 | Temple   | Entered the Ecumenical Temple
  3724 | Temple   | Became a worshipper of Makhleb the Destroyer
  3851 | D:6      | Noticed Eustachio
  3855 | D:6      | Reached skill level 1 in Fighting
  3867 | D:6      | Killed Eustachio
  4089 | D:6      | Found a bloodstained altar of Trog.
  4182 | D:6      | Found a runed translucent door.
  4183 | D:6      | Noticed Crazy Yiuf
  4308 | D:7      | Found an iron altar of Okawaru.
  4319 | D:7      | Reached skill level 5 in Fighting
  4331 | D:7      | Noticed a hellwing
  4337 | D:7      | Killed a hellwing
  4343 | D:7      | HP: 4/99 [wolf spider zombie (1)]
  4347 | D:7      | Reached XP level 10. HP: 17/75 MP: 0/0
  4353 | D:7      | HP: 1/112 [centaur warrior zombie (6)]
  4354 | D:7      | Slain by a wolf spider zombie

Illustrated notes

Levels and vault maps discovered:
D:1:      sevenhm_arrival_forest_fort_small_3, layout_loops_ring
D:2:      layout_basic, basic_altar, hex_tiny
D:3:      layout_rooms, mainiacjoe_overflow_catwalk, grunt_qazlal_clouds,
          roderic_batcave
D:4:      nicolae_BIG_FREAKIN_CUBE, layout_loops_corners, serial_shops, shop
D:5:      layout_basic, uniq_edmund, uniq_grinder
D:6:      nicolae_cairo_tiling, layout_basic, lightli_temple_of_fire,
          mainiacjoe_overflow_surrounded_room, minmay_temple_entry_grid,
          minmay_misc_feat_cross, uniq_crazy_yiuf_cottage, uniq_prince_ribbit1,
          uniq_eustachio
D:7:      cheibrodos_grave_circle, layout_cave_pools, amcnicky_altar_gilded,
          vehumet_statue, hellmonk_ghost_happy_afterlife, columned_hall_lemuel,
          minmay_hedge_maze, uniq_duvessa, uniq_jeremiah
Temple:   lightli_temple_of_artemis

Skill      XL: |  1  2  3  4  5  6  7  8  9 |
---------------+----------------------------+-----
Spellcasting   | 4 5 6 7 8 9 |  9.0
Conjurations   | 4 5 6 7 8 9 |  9.0
Hexes          | 4 5 6 7 8 9 |  9.0
Summonings     | 4 5 6 7 8 9 |  9.0
Necromancy     | 4 5 6 7 8 9 |  9.0
Translocations | 4 5 6 7 8 9 |  9.0
Fire Magic     | 4 5 6 7 8 9 |  9.0
Ice Magic      | 4 5 6 7 8 9 |  9.0
Air Magic      | 4 5 6 7 8 9 |  9.0
Earth Magic    | 4 5 6 7 8 9 |  9.0
Alchemy        | 4 5 6 7 8 9 |  9.0
Fighting       | 7 |  7.4
Dodging        | |  2.1
Stealth        | |  1.5

Action                     |  1- 3 |  4- 6 |  7- 9 | 10-12 || total
---------------------------+-------+-------+-------+-------++-------
  Melee: Unarmed           |       |     3 |       |       ||     3
   Cast: Sandblast         |    33 |    85 |    85 |     2 ||   205
         Stone Arrow       |       |     2 |    18 |       ||    20
         Static Discharge  |       |       |     1 |     4 ||     5
         Mephitic Cloud    |       |       |     1 |       ||     1
    Use: Potion            |       |       |     3 |     1 ||     4
 Armour: Robe              |     5 |    18 |    31 |       ||    54
         Skin              |       |       |    11 |    26 ||    37
  Dodge: Dodged            |     8 |    18 |    28 |     1 ||    55

Table legend: (Time is in decaauts)
 A = Elapsed time spent in this place.
 B = Non-inter-level travel time spent in this place.
 C = Inter-level travel time spent in this place.
 D = Time resting spent in this place.
 E = Time spent auto-exploring this place.
 F = Levels seen in this place.
 G = Mean time per level.
                   A        B        C        D        E       F      G
               +--------+--------+--------+--------+--------+-----+--------+
         Total |   4453 |   4372 |     81 |      0 |   3626 |   8 |  556.6 |
       Dungeon |   4425 |   4344 |     81 |      0 |   3626 |   7 |  632.1 |
        Temple |     28 |     28 |      0 |      0 |      0 |   1 |   28.0 |
               +--------+--------+--------+--------+--------+-----+--------+

Top non-repeatable levels by time:
     D:4: 1119 daAuts
     D:6: 963 daAuts
     D:2: 706 daAuts
     D:1: 659 daAuts
     D:3: 508 daAuts
     D:5: 412 daAuts
     D:7: 55 daAuts
  Temple: 28 daAuts
